 Dungeon Crawl Stone Soup version 0.23.0-3-gf3c87f2 (webtiles) character file.

Game seed: 634736759903777235

488 theswoord the Carver (level 7, -7/51 HPs)
             Began as a Barachi Skald on Feb 24, 2019.
             Mangled by an ice beast (14 damage)
             ... on level 4 of the Dungeon.
             The game lasted 00:08:41 (3630 turns).

theswoord the Carver (Barachi Skald)                Turns: 3630, Time: 00:08:42

Health: -7/51      AC:  7    Str: 13    XL:     7   Next: 13%
Magic:  10/10      EV:  9    Int: 14    God:
Gold:   161        SH:  0    Dex: 12    Spells: 7/10 levels left

rFire    . . .     SeeInvis .   a - +0 falchion
rCold    . . .     Gourm    .   (no shield)
rNeg     . . .     Faith    .   q - +0 scale mail
rPois    .         Spirit   .   (no helmet)
rElec    .         Reflect  .   l - +0 cloak
rCorr    .         Harm     .   (no gloves)
MR       .....                  (no boots)
Stlth    ..........             (no amulet)
HPRegen  0.17/turn              h - ring of attention (curse)
MPRegen  0.12/turn              (no ring)

@: infused, flying, slow
A: +LOS, swims, slowness 1, strong legs 1
a: Hop


You were on level 4 of the Dungeon.
You were hungry.

You visited 1 branch of the dungeon, and saw 4 of its levels.

You collected 161 gold pieces.

Inventory:

Hand Weapons
 a - a +0 falchion (weapon)
Armour
 b - a +0 leather armour
 c - a +2 robe
 g - a +0 chain mail
 l - a +0 cloak (worn)
 q - a +0 scale mail (worn)
 r - a +1 helmet
Jewellery
 h - a cursed ring of attention (left hand)
 v - an uncursed ring of see invisible {unknown}
Wands
 n - a wand of iceblast (9)
Scrolls
 e - 3 scrolls of remove curse
 f - 5 scrolls of identify
 i - 2 scrolls of immolation
 k - 3 scrolls of teleportation
 m - a scroll of amnesia
 t - 2 scrolls of fog
 u - a scroll of magic mapping
Potions
 s - a potion of haste {unknown}
Comestibles
 d - 5 rations
 j - a chunk of flesh


   Skills:
 - Level 2.4 Fighting
 + Level 9.1 Long Blades
 - Level 1.2 Armour
 - Level 2.1 Dodging
 - Level 2.1 Spellcasting
 - Level 3.2 Charms


You had 7 spell levels left.
You knew the following spells:

 Your Spells              Type           Power        Failure   Level  Hunger
a - Infusion              Chrm           ##..         28%         1    #......
b - Song of Slaying       Chrm           ##......     41%         2    ###....

Your spell library contained the following spells:

 Spells                   Type           Power        Failure   Level  Hunger
 Shroud of Golubria       Chrm/Tloc      #.........   65%         2    ###....
 Regeneration             Chrm/Necr      #.........   86%         3    ###....
 Spectral Weapon          Hex/Chrm       #.......     86%         3    ###....


Dungeon Overview and Level Annotations

Branches:
Dungeon (4/15)
 Temple: D:4-7

Altars:
Ashenzari
Okawaru
The Shining One


Innate Abilities, Weirdness & Mutations

Shadows flee at your approach. (+LOS)
You can swim through water.
You cover ground slowly.
You can hop short distances.


Message History

The ice beast hits you. The ice beast freezes you.
* * * LOW HITPOINT WARNING * * *
You hit the ice beast but do no damage. The ice beast hits you.
* * * LOW HITPOINT WARNING * * *
The ice beast freezes you.
* * * LOW HITPOINT WARNING * * *
You hit the ice beast. You hit the ice beast but do no damage.
The ice beast closely misses you.
You riposte.
You barely miss the ice beast.
It was a potion of flight.
You feel very buoyant.
You fly up into the air.
The ice beast hits you.
* * * LOW HITPOINT WARNING * * *
The ice beast freezes you!
* * * LOW HITPOINT WARNING * * *
You feel better. The ice beast closely misses you.
You barely miss the ice beast. The ice beast hits you.
* * * LOW HITPOINT WARNING * * *
The ice beast freezes you!
You die...

#...# #####..
##..## ...##
##. ##..##
..># #.
##..## ..##
#. ##..## ###
#.# ##..##
###..###..##
####
###........##
.....
..........##
#.....
#......@.#
#....##
####...Y##
......#
#....#
.......
#....#
.#####.
......# .#
.......# ##
##.....## #
#..... #.....


You could see an ice beast.

Vanquished Creatures
  Grinder (D:4)
  A phantom (D:4)
  A water moccasin skeleton (D:4)
  Jessica (D:3)
  5 adders
  3 oozes
  2 worms (D:3)
  2 dart slugs (D:1)
  4 leopard geckos
  5 bats
  A giant cockroach (D:3)
  4 goblins
  4 hobgoblins
  8 kobolds
  2 quokkas (D:3)
  A ball python (D:3)
  5 frilled lizards
  9 rats
59 creatures vanquished.

Notes
Turn   | Place    | Note
-------+----------+-------------------------------------------
     0 | D:1      | theswoord the Barachi Skald began the quest for the Orb.
     0 | D:1      | Reached XP level 1. HP: 17/17 MP: 3/3
   198 | D:1      | Reached skill level 3 in Long Blades
   206 | D:1      | Reached XP level 2. HP: 15/23 MP: 5/5
   835 | D:1      | Reached skill level 4 in Long Blades
   942 | D:1      | Reached XP level 3. HP: 28/28 MP: 6/6
  1019 | D:2      | Found a glowing golden altar of the Shining One.
  1498 | D:2      | Found an iron altar of Okawaru.
  1599 | D:3      | Found a shattered altar of Ashenzari.
  1599 | D:3      | Reached skill level 5 in Long Blades
  1636 | D:3      | Reached XP level 4. HP: 10/34 MP: 7/7
  2129 | D:3      | Noticed Jessica
  2155 | D:3      | Killed Jessica
  2359 | D:3      | Reached skill level 6 in Long Blades
  2359 | D:3      | Reached XP level 5. HP: 39/39 MP: 3/8
  3112 | D:4      | Noticed a phantom
  3168 | D:4      | Killed a phantom
  3168 | D:4      | Reached skill level 7 in Long Blades
  3176 | D:4      | Reached XP level 6. HP: 10/46 MP: 0/9
  3414 | D:3      | Learned a level 2 spell: Song of Slaying
  3446 | D:4      | Noticed Grinder
  3460 | D:4      | Killed Grinder
  3460 | D:4      | Reached skill level 9 in Long Blades
  3460 | D:4      | Reached XP level 7. HP: 40/51 MP: 1/10
  3628 | D:4      | HP: 1/51 [ice beast (9)]
  3630 | D:4      | Mangled by an ice beast

Skill      XL: |  1  2  3  4  5  6 |
---------------+-------------------+-----
Long Blades    | 3 4 5 6 7 9 |  9.1
Fighting       | |  2.4
Armour         | |  1.2
Dodging        | |  2.1
Spellcasting   | |  2.1
Charms         | |  3.2

Action                   |  1- 3 |  4- 6 |  7- 9 || total
-------------------------+-------+-------+-------++-------
Melee: Falchion          |   139 |   144 |    13 ||   296
 Cast: Infusion          |     2 |     6 |     2 ||    10
 Abil: Hop               |     1 |     1 |       ||     2
  Use: Scroll            |     4 |     4 |       ||     8
       Potion            |     1 |     1 |     2 ||     4
  Eat: Chunk             |     3 |     6 |     1 ||    10
Armor: Leather armour    |    23 |       |       ||    23
       Chain mail        |    54 |    33 |       ||    87
       Scale mail        |       |    33 |     2 ||    35
       Robe              |       |     1 |       ||     1
Dodge: Dodged            |    90 |    64 |     4 ||   158
       Rpst.: Falchion   |    38 |    25 |     1 ||    64

Levels and vault maps discovered:
D:1:      roderic_crop_circles_arrival_small, layout_basic
D:2:      layout_rooms, nicolae_overflow_crystal_walls,
          lemuel_coloured_pillars_altar
D:3:      layout_basic, minmay_statues_item, ashenzari_altar_1, uniq_jessica
D:4:      layout_layer_cave, uniq_grinder
